 Dungeon Sprint DCSS version 0.18.1-8-gdd0e5ea (webtiles) character file.

596 Hipnos the Grappler (level 7, -2/70 HPs)
             Began as a Purple Draconian Transmuter on May 21, 2016.
             Was a Follower of Sif Muna.
             Slain by Sonja
             ... wielding a +0 short sword of venom
              (6 damage)
             ... in the Dungeon (Sprint I: "Red Sonja").
             The game lasted 00:03:31 (649 turns).

Hipnos the Grappler (Purple Draconian Transmuter)    Turns: 649, Time: 00:03:33

Health: -2/70      AC:  6    Str: 13    XL:     7   Next: 17%
Magic:  16/19      EV: 12    Int: 15    God:    Sif Muna [*.....]
Gold:   405        SH:  0    Dex: 11    Spells: 5 memorised, 8 levels left

rFire  x . .     SeeInvis .       - Unarmed
rCold  + + +     Gourm    .     (armour unavailable)
rNeg   . . .     Faith    .     (shield currently unavailable)
rPois  +         Spirit   .     (helmet currently unavailable)
rElec  .         Dismiss  .     (cloak currently unavailable)
rCorr  .         Reflect  .     (gloves currently unavailable)
SustAt .         Harm     .     (boots currently unavailable)
MR     +....     NoTele   +     (no amulet)
Stlth  +.........               (no ring)
                                (no ring)

@: lethally poisoned (-2 -> -38), ice-form, slowed, very slow, somewhat
resistant to hostile enchantments, very unstealthy
A: (breathe power), unfitting armour, (cold-blooded), AC +6
a: End Transformation, Channel Energy, Renounce Religion


You were in the Dungeon.
You worshipped Sif Muna.
Sif Muna was aware of your devotion.
You were not hungry.
You were a creature of crystalline ice.
You visited 1 branch You collected 405 gold pieces.

Inventory:

Missiles
 a - 9 arrows
Scrolls
 i - a scroll of blinking
 k - a scroll of remove curse {unknown}
Potions
 f - a potion of haste
 g - 2 potions of magic
 j - a potion of berserk rage
 l - a potion of flight {unknown}
Books
 b - a book of Changes

   Spells                             Type                      Level
   a - Beastly Appendage              Transmutation                1
   b - Sticks to Snakes               Transmutation                2
   c - Spider Form                    Transmutation/Poison         3
   d - Ice Form                       Ice/Transmutation            4
   e - Blade Hands                    Transmutation                5


   Skills:
 + Level 4.2 Fighting
 + Level 5.6 Dodging
 + Level 9.8 Unarmed Combat
 + Level 8.7 Spellcasting
 + Level 6.8 Transmutations
 - Level 1.3 Poison Magic


You had 8 spell levels left.
You knew the following spells:

 Your Spells              Type           Power        Failure   Level  Hunger
a - Beastly Appendage     Trmt           ####..       1%          1    None
b - Sticks to Snakes      Trmt           ####....     1%          2    None
c - Spider Form           Trmt/Pois      ###.......   10%         3    #......
d - Ice Form              Ice/Trmt       ###.....     28%         4    ###....
e - Blade Hands           Trmt           ####......   21%         5    #####..


Dungeon Overview and Level Annotations

Branches:
Dungeon (1/1)

Altars:
Cheibriados
Dithmenos
Elyvilon
Fedhas
Gozag
Kikubaaqudgha
Makhleb
Nemelex Xobeh
Okawaru
Pakellas
Qazlal
Ru
Sif Muna
Trog
Vehumet
Xom
Yredelemnul
Zin
The Shining One
Jiyva

Shops:
D (

Annotations:
D Sonja


Innate Abilities, Weirdness & Mutations

((You can breathe bolts of dispelling energy.))
((Your rich purple scales are hard (AC +6).))
Your body does not fit into most forms of armour.
((You are cold-blooded and may be slowed by cold attacks.))


Message History

Sonja casts a spell.
Sonja blinks!
* * * LOW HITPOINT WARNING * * *
You feel very sick. Sonja hits you but does no damage. x2
You are more poisoned.
Sonja barely misses you.
Sonja hits you with an uncursed short sword of venom.
* * * LOW HITPOINT WARNING * * *
Sonja hits you but does no damage.
You are more poisoned.
Sonja closely misses you.
There is an open door here.
You punch Sonja! You freeze Sonja.
Sonja is almost dead.
* * * LOW HITPOINT WARNING * * *
You feel very sick. Sonja hits you but does no damage.
Sonja hits you with an uncursed short sword of venom.
You die...

#<.#..'..#.)'..#__#..+
#..)[.#..'..#..'(.'..#
#..#####'#####'#__####
#..####..#...#.####
#..#__####..##)#
#..#_.___##'#..+
#⌠⌠#_.∩...'.(._#
####_..._##K(#'#
#_____###Y#.#
#########.### +$.§+
#$((# ##.## #+#


You could see Sonja.

Vanquished Creatures
  A slime creature (D)
  Sigmund (D)
  A yak (D)
  An ogre (D)
  A jelly (D)
  Ijyb (D)
6 creatures vanquished.

Notes
Turn   | Place    | Note
--------------------------------------------------------------
     0 | D        | Hipnos the Draconian Transmuter began the quest for the Orb.
     0 | D        | Reached XP level 1. HP: 16/16 MP: 3/3
     2 | D        | Noticed Ijyb
    18 | D        | Killed Ijyb
    18 | D        | Reached skill level 4 in Unarmed Combat
    18 | D        | Reached XP level 2. HP: 16/24 MP: 4/6
    27 | D        | Learned a level 2 spell: Sticks to Snakes
   164 | D        | Noticed an ogre
   181 | D        | Killed an ogre
   181 | D        | Reached skill level 6 in Unarmed Combat
   181 | D        | Reached XP level 3. HP: 29/29 MP: 0/8
   181 | D        | Reached XP level 4. HP: 36/36 MP: 0/10
   270 | D        | Learned a level 3 spell: Spider Form
   272 | D        | Noticed Sigmund
   282 | D        | Killed Sigmund
   282 | D        | Reached skill level 8 in Unarmed Combat
   282 | D        | Reached skill level 5 in Spellcasting
   282 | D        | Reached skill level 5 in Transmutations
   282 | D        | Reached XP level 5. HP: 31/44 MP: 5/12
   386 | D        | Learned a level 4 spell: Ice Form
   387 | D        | Found a deep blue altar of Sif Muna.
   389 | D        | Found a radiant altar of Vehumet.
   395 | D        | Reached XP level 6. HP: 24/51 MP: 10/14
   399 | D        | Became a worshipper of Sif Muna the Loreminder
   433 | D        | Learned a level 5 spell: Blade Hands
   552 | D        | Found Kaghuwk's Antique Weapon Emporium.
   552 | D        | Found a white marble altar of Elyvilon.
   552 | D        | Found a stormy altar of Qazlal.
   552 | D        | Found a burning altar of Makhleb.
   552 | D        | Found a sacrificial altar of Ru.
   552 | D        | Found an oddly glowing altar of Pakellas.
   552 | D        | Found a basalt altar of Yredelemnul.
   552 | D        | Found a glowing golden altar of the Shining One.
   552 | D        | Found a sparkling altar of Nemelex Xobeh.
   552 | D        | Found a shimmering altar of Xom.
   552 | D        | Found an opulent altar of Gozag.
   552 | D        | Found an ancient bone altar of Kikubaaqudgha.
   552 | D        | Found a glowing silver altar of Zin.
   552 | D        | Noticed a yak
   553 | D        | Found an iron altar of Okawaru.
   555 | D        | Killed a yak
   555 | D        | Reached * piety under Sif Muna
   555 | D        | Reached skill level 5 in Dodging
   555 | D        | Reached skill level 9 in Unarmed Combat
   555 | D        | Reached skill level 1 in Poison Magic
   556 | D        | Found a bloodstained altar of Trog.
   572 | D        | Found a snail-covered altar of Cheibriados.
   572 | D        | Found a viscous altar of Jiyva.
   572 | D        | Found a shadowy altar of Dithmenos.
   572 | D        | Found a blossoming altar of Fedhas.
   572 | D        | Noticed a slime creature
   578 | D        | Killed a slime creature
   578 | D        | Your scales start taking on a rich purple colour.
   578 | D        | Reached XP level 7. HP: 50/59 MP: 8/19
   631 | D        | Noticed Sonja
   649 | D        | Slain by Sonja

Skill      XL: |  1  2  3  4  5  6 |
---------------+-------------------+-----
Dodging        | 2 3 4 5 |  5.6
Unarmed Combat | 4 6 8 9 |  9.8
Spellcasting   | 3 4 5 8 |  8.7
Fighting       | 2 3 4 |  4.2
Transmutations | 3 5 6 |  6.8
Poison Magic   | 1 |  1.3

Action                   |  1- 3 |  4- 6 |  7- 9 || total
-------------------------+-------+-------+-------++-------
Melee: Unarmed           |    22 |    20 |     9 ||    51
       Tailslap          |     3 |       |       ||     3
 Cast: Beastly Appendage |     2 |       |       ||     2
       Sticks to Snakes  |     3 |       |       ||     3
       Spider Form       |       |     2 |       ||     2
       Blade Hands       |       |     1 |       ||     1
       Ice Form          |       |       |     1 ||     1
  Use: Potion            |     1 |       |     2 ||     3
 Stab: Held in net/web   |       |     1 |       ||     1
  Eat: Bread ration      |       |       |     1 ||     1
Armor: Skin              |     5 |       |     8 ||    13
Dodge: Dodged            |     4 |     8 |    14 ||    26
